 Dungeon Crawl Stone Soup version 0.23.1 (webtiles) character file.

Game seed: 0

2432 H0rd4k the Thaumaturge (level 9, -8/46 HPs)
             Began as a Deep Elf Wizard on Mar 8, 2019.
             Engulfed by a cloud of flame (18 damage)
             ... on level 7 of the Dungeon.
             The game lasted 00:29:43 (9137 turns).

H0rd4k the Thaumaturge (Deep Elf Wizard)            Turns: 9137, Time: 00:29:44

Health: -8/46      AC:  2    Str:  4    XL:     9   Next: 24%
Magic:  11/26      EV: 17    Int: 27    God:
Gold:   283        SH:  0    Dex: 13    Spells: 25/31 levels left

rFire    . . .     SeeInvis .   C - +1 dagger (venom)
rCold    . . .     Gourm    .   (no shield)
rNeg     . . .     Faith    .   a - +0 robe
rPois    .         Spirit   .   b - +0 hat
rElec    .         Reflect  .   (no cloak)
rCorr    .         Harm     .   (no gloves)
MR       .....                  (no boots)
Stlth    ++........             (no amulet)
HPRegen  0.15/turn              m - +3 ring of evasion
MPRegen  0.20/turn              (no ring)

@: no status effects
A: no striking features
a: no special abilities


You were on level 7 of the Dungeon.
You were not hungry.

You visited 1 branch of the dungeon, and saw 7 of its levels.
You also visited: Sewer.

You collected 283 gold pieces.

Inventory:

Hand Weapons
 r - a +0 blowgun
 t - a +0 long sword
 C - a +1 dagger of venom (weapon)
Missiles
 h - 2 tomahawks
 s - 14 poisoned needles
 v - 7 exploding tomahawks (quivered)
 x - 2 javelins of returning
 B - 4 silver tomahawks
Armour
 a - a +0 robe (worn)
 b - a +0 hat (worn)
 A - a cursed +0 ring mail
Jewellery
 m - a +3 ring of evasion (left hand)
Scrolls
 i - a scroll of enchant weapon
 n - 4 scrolls of identify
 o - a scroll of teleportation
 y - 2 scrolls of enchant armour {unknown}
 z - a scroll of silence {unknown}
Potions
 c - 5 potions of curing
 e - a potion of might {unknown}
 f - 2 potions of cancellation {unknown}
 j - 2 potions of haste {unknown}
 k - 2 potions of brilliance {unknown}
 p - a potion of lignification {unknown}
 q - 4 potions of flight {unknown}
 w - a potion of agility {unknown}
Comestibles
 d - 10 rations
 g - 2 chunks of flesh


   Skills:
 + Level 0.9 Fighting
 + Level 4.1 Dodging
 + Level 4.0 Stealth
 + Level 11.9 Spellcasting
 + Level 7.7 Conjurations
   Level 1.1 Summonings
 + Level 2.2 Translocations
 + Level 3.1 Fire Magic


You had 25 spell levels left.
You knew the following spells:

 Your Spells              Type           Power        Failure   Level  Hunger
a - Magic Dart            Conj           ####         1%          1    None
b - Blink                 Tloc           N/A          2%          2    None
c - Conjure Flame         Conj/Fire      #####...     1%          3    None

Your spell library contained the following spells:

 Spells                   Type           Power        Failure   Level  Hunger
 Call Imp                 Summ           ###.....     3%          2    None
 Mephitic Cloud           Conj/Pois/Air  ####....     3%          3    None
 Slow                     Hex            ###.....     5%          2    None


Dungeon Overview and Level Annotations

Branches:
Dungeon (7/15)
 Temple: D:4-7

Altars:
Fedhas
Ru
The Shining One

Shops:
D:4 !

Annotations:
D:2 1 exclusion
D:3 exclusions: 2 downstairs and worker ant
D:5 exclusion: downstairs
D:7 1 runed translucent door, Crazy Yiuf


Message History

You blink.
Casting: Blink (safe; 2% risk of failure)
Confirm with . or Enter, or press ? or * to list all spells.
Aiming: Conjure Flame (safe; 1% risk of failure)
Press: ? - help, Dir - move target cursor The fire ignites!
The hog is engulfed in blazing flames.
Casting: Conjure Flame (safe; 1% risk of failure)
Confirm with . or Enter, or press ? or * to list all spells.
Aiming: Magic Dart (safe; 1% risk of failure)
Press: ? - help, Shift-Dir - straight line, f - hog
Aim: a hog (heavily wounded)
The magic dart hits the hog.
The hog is severely wounded.
The hog bites you!
* * * LOW HITPOINT WARNING * * *
Casting: Magic Dart (safe; 1% risk of failure)
Confirm with . or Enter, or press ? or * to list all spells.
You blink.
You are engulfed in blazing flames.
You die...

####### ### #..#%%# #.#
#..#.%# #.# #..'..# ..#
#..#..# ..# #..#.p# #.#
##'###.#### #.#
#############p.........
#.####....§h§...@hh.######..
.......##############
#.###### #.# #.# #.#######
.....Y... ......# #.###


You could see 3 hogs and a human.

Vanquished Creatures
  A hog (D:7)
  Edmund (D:5)
  An orc warrior (D:6)
  2 sky beasts
  4 ice beasts
  2 ogres
  A big kobold (Sewer)
  3 bullfrogs
  2 scorpions
  3 howler monkeys
  A crimson imp (D:5)
  A quasit (D:5)
  3 orc wizards (D:6)
  2 bullfrog skeletons (D:4)
  A centaur zombie (D:5)
  A centaur skeleton (D:4)
  An iguana (D:4)
  6 worker ants
  A hound zombie (D:5)
  2 hound skeletons
  2 worker ant zombies (D:5)
  11 gnolls (D:6)
  7 adders
  2 river rats
  4 shadow imps (D:5)
  An ooze (D:1)
  2 worms
  3 dart slugs
  7 leopard geckos
  16 orcs
  10 bats
  10 giant cockroaches
  5 goblins
  11 hobgoblins
  12 jackals
  5 quokkas
  A ball python (D:2)
  11 frilled lizards
  11 kobolds
  13 rats
183 creatures vanquished.

Vanquished Creatures (others)
  An orc wizard (D:6)
1 creature vanquished.

Grand Total: 184 creatures vanquished

Notes
Turn   | Place    | Note
-------+----------+-------------------------------------------
     0 | D:1      | H0rd4k the Deep Elf Wizard began the quest for the Orb.
     0 | D:1      | Reached XP level 1. HP: 10/10 MP: 7/7
   169 | D:1      | Reached skill level 5 in Spellcasting
   175 | D:1      | Reached XP level 2. HP: 9/15 MP: 0/10
   480 | D:1      | Reached XP level 3. HP: 17/19 MP: 0/12
  1136 | D:2      | Learned a level 2 spell: Blink
  1230 | D:2      | Reached skill level 6 in Spellcasting
  1240 | D:2      | Reached XP level 4. HP: 23/24 MP: 1/14
  1793 | D:2      | Found a blossoming altar of Fedhas.
  2089 | D:3      | Learned a level 3 spell: Conjure Flame
  2493 | D:3      | Found a glowing drain.
  2533 | D:3      | Reached XP level 5. HP: 27/28 MP: 3/16
  2677 | Sewer    | Entered a sewer
  2743 | Sewer    | Reached skill level 1 in Fire Magic
  2839 | Sewer    | Reached skill level 7 in Spellcasting
  3044 | Sewer    | Found a white marble altar of Elyvilon.
  3317 | D:3      | Reached XP level 6. HP: 21/33 MP: 10/18
  3397 | D:4      | Found Metacw's Distillery.
  4571 | D:4      | Reached skill level 8 in Spellcasting
  4673 | D:4      | Reached XP level 7. HP: 37/37 MP: 14/20
  4731 | D:5      | Entered Level 5 of the Dungeon
  5029 | D:5      | Found a sacrificial altar of Ru.
  5054 | D:5      | Reached skill level 9 in Spellcasting
  5054 | D:5      | Reached skill level 5 in Conjurations
  5253 | D:5      | Noticed Edmund
  5630 | D:5      | Reached XP level 8. HP: 30/42 MP: 13/23
  6167 | D:5      | Killed Edmund
  6167 | D:5      | Reached skill level 10 in Spellcasting
  7347 | D:6      | Reached skill level 11 in Spellcasting
  8086 | D:6      | Reached XP level 9. HP: 46/46 MP: 5/26
  8659 | D:7      | Found a runed translucent door.
  8660 | D:7      | Noticed Crazy Yiuf
  8704 | D:7      | HP: 2/46 [ice beast (14)]
  9039 | D:7      | Found a glowing golden altar of the Shining One.
  9137 | D:7      | Engulfed by a cloud of flame

Skill      XL: |  1  2  3  4  5  6  7  8  9 |
---------------+----------------------------+-----
Spellcasting   | 5 6 7 8 9 11 | 11.9
Conjurations   | 2 3 5 7 |  7.7
Stealth        | 3 4 |  4.0
Fire Magic     | 1 2 3 |  3.1
Dodging        | 3 4 |  4.1
Translocations | 2 |  2.2
Fighting       | |  0.9
Summonings     | |  1.1

Action                   |  1- 3 |  4- 6 |  7- 9 || total
-------------------------+-------+-------+-------++-------
Melee: Unarmed           |     1 |       |     1 ||     2
 Cast: Magic Dart        |   113 |   220 |   381 ||   714
       Conjure Flame     |       |     8 |    30 ||    38
       Blink             |       |     1 |     8 ||     9
  Use: Potion            |     1 |     1 |       ||     2
       Scroll            |       |       |     6 ||     6
  Eat: Chunk             |     1 |     6 |    11 ||    18
       Ration            |       |     1 |     1 ||     2
Armor: Robe              |     6 |    18 |     6 ||    30
Dodge: Dodged            |    34 |   103 |    43 ||   180
